 Dungeon Crawl Stone Soup version 0.20-a0-470-gbb038bd (webtiles) character file.

2984 Kidiri the Thaumaturge (level 9, -11/49 HPs)
             Began as a Deep Elf Fire Elementalist on Jan 13, 2017.
             Was a Follower of Vehumet.
             Mangled by a very large slime creature (60 damage)
             ... on level 8 of the Dungeon.
             The game lasted 00:24:31 (8307 turns).

Kidiri the Thaumaturge (Deep Elf Fire Elementalist) Turns: 8307, Time: 00:24:32

Health: -11/49     AC:  7    Str:  5    XL:     9   Next: 53%
Magic:  8/24       EV: 13    Int: 27    God:    Vehumet [*.....]
Gold:   380        SH:  4    Dex: 13    Spells: 8/26 levels left

rFire  . . .     SeeInvis .     k - +1 dagger
rCold  + . .     Gourm    .     D - +1 leather armour {rC+}
rNeg   . . .     Faith    .     m - +0 buckler
rPois  +         Spirit   .     o - +1 hat {Int+3}
rElec  .         Reflect  .     y - +0 cloak
rCorr  .         Harm     .     B - +0 pair of gloves
MR     .....                    (no boots)
Stlth  ++........               (no amulet)
                                e - ring of poison resistance
                                (no ring)

@: very slightly contaminated
A: hooves 1, clumsy 1
a: Renounce Religion


You were on level 8 of the Dungeon.
You worshipped Vehumet.
Vehumet was aware of your devotion.
You were not hungry.

You visited 2 branches of the dungeon, and saw 9 of its levels.

You collected 380 gold pieces.

Inventory:

Hand Weapons
 k - a +1 dagger (weapon)
Armour
 a - a +1 robe
 m - a +0 buckler (worn)
 o - a +1 hat of intelligence (worn)
 y - a +0 cloak (worn)
 B - a +0 pair of gloves (worn)
 D - a +1 leather armour of cold resistance (worn)
Jewellery
 e - a ring of poison resistance (right hand)
 h - an uncursed ring of see invisible
 j - an uncursed amulet of faith
Wands
 r - a wand of digging (13/24)
 z - a wand of paralysis (11/24)
 A - a wand of random effects (22/48)
 C - a wand of lightning (7/15)
 F - a wand of digging (13/24)
 G - a wand of digging (15/24)
Scrolls
 n - a scroll of teleportation
 t - 4 scrolls of remove curse
 u - a scroll of blinking
 x - a scroll of fog
Potions
 d - 5 potions of flight
 f - 3 potions of haste
 g - a potion of brilliance
 l - a potion of resistance
 q - 2 potions of heal wounds
 v - a potion of magic {unknown}
 w - 6 potions of curing
Books
 b - a book of Flames

   Spells                             Type                      Level
   a - Flame Tongue                   Conjuration/Fire             1
   b - Throw Flame                    Conjuration/Fire             2
   c - Conjure Flame                  Conjuration/Fire             3
   d - Inner Flame                    Hexes/Fire                   3
   e - Sticky Flame                   Conjuration/Fire             4
   f - Fireball                       Conjuration/Fire             5
Comestibles
 c - 5 bread rations
 i - 2 royal jellies
 p - 3 slices of pizza
 s - 3 chunks of flesh
 E - a meat ration


   Skills:
 + Level 2.7 Fighting
 + Level 3.5 Short Blades
 + Level 2.9 Armour
 + Level 4.9 Dodging
 - Level 2.4 Stealth
 + Level 2.9 Shields
 * Level 9.3 Spellcasting
 + Level 5.4 Conjurations
 + Level 5.9 Fire Magic
 + Level 3.9 Evocations


You had 8 spell levels left.
You knew the following spells:

 Your Spells              Type           Power        Failure   Level  Hunger
a - Flame Tongue          Conj/Fire      #####        1%          1    None
b - Throw Flame           Conj/Fire      #####.       1%          2    None
c - Conjure Flame         Conj/Fire      #####...     2%          3    None
d - Inner Flame           Hex/Fire       ####....     10%         3    None
e - Sticky Flame          Conj/Fire      #####...     10%         4    None
f - Fireball              Conj/Fire      #####.....   24%         5    ####...


Dungeon Overview and Level Annotations

Branches:
Dungeon (8/15)             Temple (1/1) D:4
   Lair: D:8-11

Altars:
Ashenzari
Cheibriados
Dithmenos
Elyvilon
Fedhas
Gozag
Hepliaklqana
Kikubaaqudgha
Makhleb
Nemelex Xobeh
Okawaru
Qazlal
Ru
Sif Muna
Trog
Uskayaw
Vehumet
Xom
Zin
The Shining One

Shops:
D:7 }


Innate Abilities, Weirdness & Mutations

You have large cloven feet.
You are clumsy. (Dex -2)


Message History

Casting: Flame Tongue
Confirm with . or Enter, or press ? or * to list all spells.
Aiming: Flame Tongue
Press: ? - help, Shift-Dir - straight line, f/p - very large slime creature
Aim: a very large slime creature (flame, lightly wounded)
Okay, then.
Unknown command.
Casting: Flame Tongue
Confirm with . or Enter, or press ? or * to list all spells.
Aiming: Sticky Flame
Press: ? - help, Shift-Dir - straight line, f/p - very large slime creature
Aim: a very large slime creature (flame, lightly wounded)
The sticky flame hits the very large slime creature.
The very large slime creature is lightly wounded.
The very large slime creature is covered in liquid flames!
The very large slime creature burns!
The very large slime creature is engulfed in roaring flames.
The very large slime creature hits you!!!
Ouch! That really hurt!
You die...

J... #### ### ##.##
....##..####..# ##...#
J............####.....
.J...........#...###.
#...............####
#J.........##...# #
#...####.####..#
#J####.........##
#@###............#
##................
###.##...........
#####..........
#....##....
##....##....
#......##>..
#......#....
#.........#<


You could see a very large slime creature (burning) and a slime creature.

Vanquished Creatures
  Prince Ribbit (D:8)
  Sigmund (D:3)
  2 sky beasts
  2 orc warriors (D:6)
  A phantom (D:8)
  4 ogres
  2 centaurs
  2 bullfrogs
  A scorpion (D:7)
  5 killer bees (D:8)
  2 howler monkeys
  2 crimson imps
  A jelly (D:7)
  3 centaur zombies
  5 hounds
  2 bullfrog zombies
  3 orc wizards
  2 bullfrog skeletons
  Natasha (thrice) (D:3 D:4)
  An iguana (D:4)
  7 worker ants
  A hound skeleton (D:7)
  Robin (D:3)
  4 gnolls (D:3)
  12 adders
  2 shadow imps
  An adder zombie (D:5)
  2 adder skeletons
  2 worms
  2 dart slugs (D:1)
  6 leopard geckos
  31 orcs
  6 bats
  4 giant cockroaches
  15 goblins
  10 hobgoblins
  14 jackals
  2 quokkas
  2 frilled lizards
  6 kobolds
  A leopard gecko skeleton (D:7)
  2 leopard gecko zombies
  13 rats
191 creatures vanquished.

Vanquished Creatures (collateral kills)
  A bullfrog (D:8)
1 creature vanquished.

Grand Total: 192 creatures vanquished

Notes
Turn   | Place    | Note
-------+----------+-------------------------------------------
     0 | D:1      | Kidiri the Deep Elf Fire Elementalist began the quest for the Orb.
     0 | D:1      | Reached XP level 1. HP: 10/10 MP: 6/6
   139 | D:1      | Reached XP level 2. HP: 15/15 MP: 4/8
   143 | D:1      | Learned a level 2 spell: Throw Flame
   265 | D:1      | Reached skill level 4 in Spellcasting
   496 | D:1      | Found a bloodstained altar of Trog.
   697 | D:2      | Reached XP level 3. HP: 19/19 MP: 8/10
   702 | D:2      | Learned a level 3 spell: Conjure Flame
   706 | D:2      | Learned a level 3 spell: Inner Flame
  1511 | D:2      | Reached XP level 4. HP: 24/24 MP: 9/12
  1519 | D:3      | Noticed Robin
  1545 | D:3      | Reached skill level 5 in Spellcasting
  1726 | D:2      | Learned a level 4 spell: Sticky Flame
  1732 | D:3      | Killed Robin
  2051 | D:3      | Found a stormy altar of Qazlal.
  2096 | D:3      | Noticed Natasha
  2099 | D:3      | Killed Natasha
  2099 | D:3      | Reached XP level 5. HP: 28/28 MP: 6/15
  2126 | D:3      | Noticed Sigmund
  2443 | D:3      | Reached skill level 6 in Spellcasting
  2843 | D:3      | Killed Sigmund
  2843 | D:3      | Reached skill level 7 in Spellcasting
  2843 | D:3      | Reached XP level 6. HP: 24/32 MP: 12/18
  2850 | D:3      | Learned a level 5 spell: Fireball
  3166 | D:4      | Found a staircase to the Ecumenical Temple.
  3175 | Temple   | Entered the Ecumenical Temple
  3497 | D:4      | Reached skill level 1 in Evocations
  3497 | D:4      | Reached XP level 7. HP: 7/36 MP: 0/19
  3847 | D:4      | Noticed Natasha
  3853 | D:4      | Killed Natasha
  3853 | D:4      | Reached skill level 1 in Short Blades
  3896 | D:4      | Noticed Natasha
  3903 | D:4      | Killed Natasha
  3903 | D:4      | Reached skill level 1 in Armour
  4462 | D:4      | Reached skill level 1 in Shields
  4747 | D:5      | Entered Level 5 of the Dungeon
  4960 | D:5      | Reached skill level 5 in Fire Magic
  5049 | D:5      | Reached skill level 1 in Fighting
  5067 | D:5      | Found a glowing silver altar of Zin.
  5217 | D:5      | Reached skill level 8 in Spellcasting
  5421 | D:5      | Reached XP level 8. HP: 43/43 MP: 15/22
  5813 | D:5      | Found a radiant altar of Vehumet.
  5813 | D:5      | Found an opulent altar of Gozag.
  5814 | D:5      | Found a stormy altar of Qazlal.
  5821 | D:5      | Became a worshipper of Vehumet
  6658 | D:6      | Found an opulent altar of Gozag.
  7139 | D:7      | Found Yxzadd's Gadget Shoppe.
  7422 | D:7      | Reached * piety under Vehumet
  7422 | D:7      | Offered knowledge of Magic Dart by Vehumet.
  7495 | D:7      | Reached skill level 5 in Conjurations
  7630 | D:7      | Reached XP level 9. HP: 48/48 MP: 17/23
  7719 | D:7      | Reached skill level 9 in Spellcasting
  7731 | D:7      | Gained mutation: You are weak. (Str -2) [mutagenic meat]
  7732 | D:7      | Gained mutation: You are clumsy. (Dex -2) [mutagenic meat]
  7733 | D:7      | Gained mutation: You have large cloven feet. [mutagenic meat]
  7734 | D:7      | Lost mutation: You are weak. (Str -2) [mutagenic meat]
  7929 | D:8      | Found a sparkling altar of Nemelex Xobeh.
  8001 | D:8      | Noticed Prince Ribbit
  8012 | D:8      | Killed Prince Ribbit
  8307 | D:8      | Mangled by a very large slime creature

Vault maps used:
D:1:      elethiomel_arrival_diamonds, kennysheep_flooded_box
D:3:      first_bread, grunt_qazlal_sundering, uniq_robin, uniq_natasha,
          uniq_sigmund
D:5:      lemuel_coloured_pillars_altar, gammafunk_temple_overflow_claw
D:6:      nicolae_gozag_cash_rules_everything_around_me
D:7:      serial_shops, shop
D:8:      yredelemnul_forgotten_temple_becter, hangedman_ranch,
          nemelex_lonely_heart_becter, uniq_prince_ribbit1
Temple:   eino_temple_rhombus

Skill      XL: |  1  2  3  4  5  6  7  8  9 |
---------------+----------------------------+-----
Spellcasting   | 4 5 7 8 9 |  9.3
Conjurations   | 2 3 4 5 |  5.4
Fire Magic     | 4 5 |  5.9
Evocations     | 1 2 3 |  3.9
Short Blades   | 1 2 3 |  3.5
Armour         | 1 2 |  2.9
Dodging        | 3 4 |  4.9
Shields        | 1 2 |  2.9
Fighting       | 1 2 |  2.7
Stealth        | |  2.4

Action                   |  1- 3 |  4- 6 |  7- 9 || total
-------------------------+-------+-------+-------++-------
Melee: Dagger            |    17 |    38 |    88 ||   143
       Unarmed           |     1 |       |       ||     1
       Kick              |       |       |     1 ||     1
 Cast: Flame Tongue      |    60 |    57 |   150 ||   267
       Throw Flame       |     1 |     3 |    14 ||    18
       Sticky Flame      |       |     5 |    41 ||    46
       Conjure Flame     |       |     5 |     4 ||     9
       Inner Flame       |       |     3 |     4 ||     7
       Fireball          |       |       |     1 ||     1
Evoke: Wand              |       |       |     7 ||     7
  Use: Scroll            |     9 |     3 |     7 ||    19
       Potion            |       |     2 |     1 ||     3
 Stab: Sleeping          |     3 |     5 |     3 ||    11
       Paralysed         |       |       |     1 ||     1
  Eat: Chunk             |     1 |     2 |    21 ||    24
       Bread ration      |       |     1 |       ||     1
       Pizza             |       |     1 |       ||     1
Armor: Robe              |     6 |    12 |    29 ||    47
       Leather armour    |       |       |     7 ||     7
Dodge: Dodged            |    35 |    47 |   114 ||   196
Block: Buckler           |       |       |     6 ||     6
